Map: Oxide LE

Players

SpeCial

  • Race: Terran Terran
  • League: Master

Serral - Winner!

  • Race: Zerg Zerg

Event: TSL 7

VOD

Have the link to the VOD?

Description

Time

  • Played on: June 20, 2021, 11:52 a.m.
  • Length: 12:51

All games in this series

Show
View Real Time Build Order
Export as new Build Order

SpeCial Terran 

Build Orders: Gas First Reaper Expand 

Get SALT Encoding   

  12  0:00  SCV  
  13  0:12  SCV  
  14  0:17  Supply Depot  
  14  0:24  SCV  
  14  0:28  Refinery  
  15  0:39  SCV  
  16  0:44  Barracks  
  16  0:51  SCV  
  17  1:03  SCV  
  18  1:15  SCV  
  19  1:31  Reaper, Orbital Command  
  20  1:41  Command Center  
  20  1:53  Factory  
  20  1:57  SCV  
  21  2:07  Barracks Reactor  
  21  2:09  SCV  
  21  2:14  Supply Depot  
  22  2:21  SCV  
  23  2:35  SCV  
  24  2:47  SCV  
  24  2:49  Starport  
  24  2:51  Hellion x2  
  29  2:52  Marine  
  29  2:53  Orbital Command  
  30  2:59  SCV  
  30  3:01  Barracks  
  31  3:10  Marine  
  31  3:11  SCV  
  31  3:12  Hellion  
  35  3:14  Hellion  
  35  3:19  SCV  
  38  3:24  SCV  
  38  3:27  Medivac, Supply Depot  
  41  3:31  SCV  
  42  3:36  SCV  
  43  3:43  SCV  
  43  3:44  Marine x2  
  46  3:48  SCV  
  47  3:55  SCV  
  47  3:58  Refinery  
  47  3:59  Refinery  
  47  4:00  SCV, Supply Depot  
  47  4:02  Marine x2  
  51  4:05  Barracks Tech Lab  
  51  4:06  Factory Reactor  
  51  4:08  SCV  
  52  4:12  SCV  
  53  4:20  SCV  
  53  4:21  Marine x2  
  56  4:25  SCV  
  57  4:31  Engineering Bay  
  57  4:32  SCV  
  57  4:35  Marine, Supply Depot  
  57  4:37  SCV, Stimpack  
  60  4:39  Marine  
  60  4:44  SCV  
  62  4:51  Factory Tech Lab  
  62  4:52  SCV  
  62  4:56  SCV, Liberator  
  66  5:00  Supply Depot  
  66  5:02  Marine x3  
  66  5:03  Barracks x2  
  66  5:04  SCV  
  66  5:05  Barracks, Terran Infantry Weapons Level 1  
  70  5:13  Refinery  
  70  5:21  SCV x2, Siege Tank  
  70  5:22  Supply Depot  
  70  5:23  Marine x3  
  78  5:41  Supply Depot  
  78  5:43  SCV x2, Marine x3, Medivac  
  85  5:50  Barracks Reactor  
  85  5:51  Barracks Reactor  
  85  5:56  Barracks Reactor, SCV  
  85  6:04  Command Center  
  85  6:07  Marine x3  
  85  6:08  Siege Tank  
  85  6:09  Supply Depot  
  91  6:12  Supply Depot  
  91  6:13  Medivac  
  93  6:22  Combat Shield  
  93  6:25  Marine  
  94  6:29  Supply Depot  
  94  6:30  Marine x2  
  94  6:31  Supply Depot  
  96  6:37  Marine x2  
  96  6:38  Marine x2  
  96  6:39  Marine x2  
  100  6:40  Siege Tank  
  100  6:42  Marine  
  106  6:48  Marine x2  
  105  6:55  Marine x3  
  105  6:56  Marine  
  105  6:57  Marine x2  
  105  7:00  Marine  
  112  7:06  Marine x2  
  114  7:13  Marine x4  
  114  7:15  Marine x2  
  117  7:18  Marine  
  117  7:20  Terran Infantry Armor Level 1  
  119  7:23  Marine x2  
  121  7:31  Marine x4  
  121  7:33  Marine x2  
  121  7:36  Orbital Command, Marine  
  127  7:41  Marine x2  
  129  7:49  Marine x4  
  129  7:51  Marine x2  
  133  7:54  Marine, Siege Tank  
  136  7:59  Orbital Command, Marine x2  
  137  8:06  Marine x2  
  137  8:07  Marine x2  
  137  8:10  Marine x2  
  137  8:11  Marine  
  135  8:17  Marine  
  135  8:18  Marine  
  85  8:24  SCV, Marine x3  
  85  8:25  Marine  
  87  8:28  Marine x2  
  87  8:29  Marine, Siege Tank  
  91  8:35  Marine  
  91  8:36  Marine  
  86  8:44  Marine  
  86  8:45  Orbital Command  
  86  8:46  Marine  
  86  8:47  Marine  
  78  8:48  Marine  
  78  8:50  Orbital Command  
  78  8:53  Marine  
  78  8:55  Marine x3  
  74  8:56  Marine  
  74  8:59  Liberator  
  74  9:01  Siege Tank  
  74  9:02  Marine  
  81  9:03  Marine  
  81  9:05  Marine  
  81  9:06  Marine  
  84  9:13  Marine x3  
  84  9:14  Orbital Command  
  84  9:16  Marine  
  88  9:19  Medivac  
  88  9:23  Marine x2  
  92  9:30  Marine  
  93  9:38  Marine x6  
  92  9:40  Marine x2  
  100  9:46  Siege Tank  
  100  9:48  Marine  
  104  9:56  Marine x3  
  104  9:58  Marine, Supply Depot  
  108  10:04  Medivac  
  110  10:08  Marine  
  110  10:10  Marine  
  110  10:11  Marine  
  110  10:14  Marine x5  
  98  10:18  Marine  
  104  10:26  Marine  
  105  10:28  Marine x2  
  105  10:32  Marine x5  
  112  10:36  Marine  
  113  10:44  Marine  
  113  10:46  Marine x2  
  113  10:48  Liberator  
  113  10:49  Marine  
  115  10:50  Marine x4  
  115  10:54  Marine, Supply Depot  
  121  10:59  Siege Tank  
  121  11:02  Marine  
  125  11:15  Marine x8  
  133  11:38  Marine x3  
  133  11:39  Marine x3  
  133  11:40  Marine x2  
  133  11:41  Liberator, Marine  
  129  11:47  Siege Tank  
  132  11:56  Marine  
  133  12:05  Marine  
  133  12:09  Supply Depot  
  133  12:10  Marine, Medivac, Supply Depot  
  133  12:11  Marine x6  
  133  12:14  Marine  
  130  12:23  Marine  
  130  12:28  Marine  
  130  12:29  Marine x6  
  117  12:32  Marine  
Show
View Real Time Build Order
Export as new Build Order

Serral Zerg - Winner!

Build Orders: Hatch First 

Get SALT Encoding   

  12  0:00  Drone  
  13  0:12  Overlord  
  13  0:17  Drone  
  14  0:30  Drone x2  
  16  0:48  Hatchery  
  15  0:51  Drone  
  15  0:55  Drone  
  17  0:58  Drone  
  18  1:09  Extractor  
  17  1:13  Spawning Pool  
  17  1:16  Drone  
  17  1:19  Drone  
  18  1:27  Drone  
  19  1:38  Drone  
  20  1:48  Overlord  
  20  1:59  Queen  
  20  2:00  Queen, Zergling x2  
  20  2:01  Zergling x2  
  26  2:11  Drone x2  
  26  2:12  Metabolic Boost  
  28  2:21  Drone x2  
  30  2:32  Spore Crawler  
  30  2:33  Drone x2  
  30  2:35  Queen  
  34  2:42  Overlord  
  34  2:44  Drone  
  35  2:55  Drone  
  35  2:56  Hatchery  
  36  2:58  Drone  
  36  3:03  Overlord  
  36  3:06  Drone  
  36  3:08  Drone x2  
  36  3:09  Drone  
  36  3:12  Drone  
  41  3:13  Drone  
  41  3:16  Drone  
  41  3:18  Drone  
  44  3:23  Queen  
  46  3:28  Queen  
  46  3:32  Baneling Nest  
  47  3:36  Overlord  
  47  3:39  Drone x2  
  49  3:42  Drone x2, Extractor  
  49  3:45  Drone  
  49  3:46  Drone  
  52  3:54  Overlord  
  52  3:59  Zergling x4  
  52  4:00  Zergling x2  
  52  4:01  Lair  
  55  4:09  Queen  
  57  4:11  Queen  
  57  4:13  Zergling x2  
  57  4:14  Drone x2  
  62  4:18  Overlord  
  62  4:28  Zergling x4  
  62  4:29  Overlord  
  62  4:30  Drone x3  
  66  4:35  Overlord  
  66  4:41  Overlord  
  66  4:43  Zergling x4  
  66  4:45  Drone x2  
  70  4:46  Drone x3  
  70  4:49  Spore Crawler  
  70  4:50  Drone  
  70  4:51  Drone  
  75  4:57  Overlord  
  75  4:59  Drone x2  
  77  5:00  Centrifical Hooks  
  77  5:01  Extractor, Overseer  
  77  5:02  Drone  
  77  5:06  Drone x3  
  80  5:11  Queen  
  80  5:13  Drone x2  
  84  5:21  Drone x2  
  84  5:22  Zergling x10  
  84  5:23  Extractor  
  84  5:25  Baneling  
  84  5:26  Baneling x4  
  90  5:32  Overlord  
  90  5:35  Evolution Chamber x2  
  90  5:36  Drone x2  
  90  5:37  Drone  
  90  5:38  Zergling x6  
  90  5:42  Zergling x6  
  96  5:43  Zergling x2  
  96  5:46  Overlord  
  96  5:49  Baneling x5  
  97  5:51  Zergling x2  
  97  5:53  Zergling x4  
  100  6:01  Zergling x2  
  101  6:07  Hatchery, Overlord  
  101  6:09  Zergling x8  
  104  6:11  Zerg Melee Weapons Level 1  
  104  6:13  Zerg Ground Armor Level 1  
  104  6:15  Zergling x4  
  106  6:21  Zergling x2  
  106  6:22  Zergling x6  
  110  6:29  Zergling x6  
  113  6:34  Zergling x6  
  113  6:38  Zergling x4  
  118  6:41  Zergling x2  
  118  6:42  Zergling x4  
  118  6:44  Queen  
  118  6:47  Overlord x2  
  121  6:51  Zergling x2  
  122  6:54  Baneling  
  122  6:55  Baneling x14  
  122  6:59  Overlord  
  121  7:03  Baneling x6  
  121  7:04  Queen  
  121  7:05  Overlord  
  121  7:07  Zergling x6  
  126  7:15  Zergling x4  
  127  7:16  Zergling x6  
  127  7:17  Zergling x2  
  127  7:19  Baneling x8  
  127  7:22  Zergling x6  
  132  7:27  Queen  
  132  7:28  Queen  
  136  7:32  Queen  
  137  7:37  Zergling x4  
  137  7:38  Zergling x6  
  137  7:44  Baneling x9  
  142  7:47  Zergling x8  
  145  7:53  Zergling x12  
  151  7:59  Zergling x2  
  151  8:00  Baneling, Zergling x8  
  151  8:04  Zergling x2  
  154  8:06  Baneling x3  
  154  8:07  Baneling x6  
  144  8:17  Zergling x16  
  119  8:21  Zergling x2  
  119  8:25  Zerg Ground Armor Level 2, Zerg Melee Weapons Level 2  
  119  8:26  Zergling x2  
  119  8:27  Zergling x2  
  120  8:30  Drone  
  109  8:42  Zergling x24  
  109  8:46  Zergling x8  
  119  8:53  Zergling x4  
  116  9:01  Drone x5  
  116  9:02  Drone  
  119  9:03  Burrow  
  119  9:08  Drone  
  119  9:09  Drone x3  
  120  9:16  Drone x5  
  125  9:17  Hatchery  
  125  9:19  Zergling x2  
  125  9:24  Infestation Pit  
  124  9:26  Extractor  
  124  9:28  Zergling x14  
  130  9:35  Zergling x10  
  135  9:44  Overlord  
  135  9:50  Baneling x5  
  135  9:51  Zergling x20  
  145  10:02  Zergling x12  
  148  10:11  Zergling x16  
  148  10:13  Queen  
  150  10:16  Zergling x6  
  150  10:18  Baneling x8  
  150  10:23  Spore Crawler  
  150  10:24  Drone x3  
  150  10:25  Drone x2  
  153  10:30  Zergling x2  
  153  10:31  Zergling x8  
  153  10:34  Hive  
  158  10:37  Baneling x8  
  158  10:38  Baneling  
  156  10:44  Zergling x2  
  156  10:45  Zergling x22  
  156  10:49  Drone x5  
  166  10:50  Drone  
  166  10:57  Baneling x11  
  166  10:59  Drone x2  
  168  11:10  Zergling x12  
  174  11:21  Spore Crawler  
  174  11:23  Drone  
  174  11:26  Overlord x5  
  172  11:34  Pneumatized Carapace, Overseer  
  172  11:38  Zergling x8  
  166  11:44  Zergling x24  
  166  11:45  Zergling x4  
  172  11:51  Drone, Spore Crawler  
  172  12:00  Baneling  
  172  12:01  Baneling x5  
  172  12:03  Zergling x14  
  172  12:04  Zergling x8  
  182  12:08  Drone x2  
  182  12:09  Drone  
  181  12:17  Zergling x22  
  181  12:22  Zergling x4  
  183  12:27  Zergling x4  
Tags
 
Add a new tag
Caveats
  • Supply blocks, unpowered buildings, or Contaminate may cause inaccurate times.
  • Supply counts are checked every 10 seconds.